 Dungeon Crawl Stone Soup version 0.23-a0-449-g8e4cbf7 (webtiles) character file.

5353 inmateoo the Cleaver (level 10, -8/91 HPs)
             Began as a Hill Orc Fighter on Nov 19, 2018.
             Was a High Priest of Okawaru.
             Mangled by a two-headed ogre
             ... wielding a +0 giant spiked club
              (32 damage)
             ... on level 9 of the Dungeon on Nov 21, 2018.
             The game lasted 00:10:13 (7349 turns).

inmateoo the Cleaver (Hill Orc Fighter)             Turns: 7349, Time: 00:10:13

Health: -8/91      AC: 17    Str: 23    XL:     10   Next: 65%
Magic:  10/10      EV:  8    Int:  8    God:    Okawaru [*****.]
Gold:   164        SH: 11    Dex: 10    Spells: 9/9 levels left

rFire    + . .     SeeInvis .   a - +1 war axe (chaos)
rCold    + + +     Gourm    .   c - +0 shield
rNeg     . . .     Faith    .   l - +4 scale mail {rC+}
rPois    .         Spirit   .   o - +1 helmet
rElec    .         Reflect  .   i - scarf {rC+ rF+}
rCorr    .         Harm     .   x - +0 pair of gloves
MR       +....                  y - +0 pair of boots (curse)
Stlth    ..........             (no amulet)
HPRegen  0.25/turn              C - ring of protection from magic
MPRegen  0.12/turn              F - ring of protection from cold

@: no status effects
A: no striking features
a: Heroism, Finesse, Renounce Religion


You were on level 9 of the Dungeon.
You worshipped Okawaru.
Okawaru was extremely pleased with you.
You were very hungry.

You visited 1 branch of the dungeon, and saw 9 of its levels.
You also visited: Sewer.

You collected 339 gold pieces.
You spent 175 gold pieces at shops.

Inventory:

Hand Weapons
 a - a +1 war axe of chaos (weapon)
 E - the +9 falchion of Doituwa {drain, +Inv Str+3 Int+3}
   (You took it off an orc on level 8 of the Dungeon)

   A truly terrible weapon, it drains the life of those it strikes.
   It affects your strength (+3).
   It affects your intelligence (+3).
   It lets you turn invisible.
Armour
 c - a +0 shield (worn)
 i - a scarf of resistance (worn)
 l - a +4 scale mail of cold resistance (worn)
 o - a +1 helmet (worn)
 x - a +0 pair of gloves (worn)
 y - a cursed +0 pair of boots (worn)
Jewellery
 g - an uncursed ring of magical power {unknown}
 k - an uncursed ring of wizardry {unknown}
 C - a ring of protection from magic (left hand)
 F - a ring of protection from cold (right hand)
Wands
 e - a wand of digging (6)
 B - a wand of acid (3)
 I - a wand of enslavement (10)
Scrolls
 j - 3 scrolls of remove curse
 q - 6 scrolls of identify
 u - 4 scrolls of teleportation
 v - 3 scrolls of blinking
 w - 4 scrolls of enchant weapon
 A - 2 scrolls of enchant armour
 D - a scroll of fog
 H - a scroll of amnesia
Potions
 b - 3 potions of brilliance
 d - 5 potions of might
 h - 3 potions of agility
 m - a potion of resistance
 n - a potion of flight
 p - 8 potions of heal wounds
 r - a potion of ambrosia
 s - 2 potions of cancellation
 t - 7 potions of curing
 z - a potion of invisibility
 J - 2 potions of mutation
Comestibles
 f - 10 rations


   Skills:
 + Level 9.2 Fighting
 * Level 12.6 Axes
 + Level 8.3 Armour
 + Level 8.3 Shields


You had 9 spell levels left.
You didn't know any spells.
Your spell library contained the following spells:

 Spells                   Type           Power        Failure   Level  Hunger
 Animate Skeleton         Necr           N/A          93%         1    ##.....
 Apportation              Tloc           #.....       93%         1    ##.....
 Confusing Touch          Hex            #.....       93%         1    ##.....
 Summon Small Mammal      Summ           #...         93%         1    ##.....
 Irradiate                Conj/Tmut      #.........   100%        5    ######.
 Hydra Form               Tmut           #.........   100%        6    #######
 Statue Form              Tmut/Erth      #........    100%        6    #######
 Dragon Form              Tmut           #.........   100%        7    #######


Dungeon Overview and Level Annotations

Branches:
Dungeon (9/15)             Temple (0/1) D:6            Lair (0/6) D:8
    Orc: D:9-12

Altars:
Ashenzari
Elyvilon
Fedhas
Kikubaaqudgha
Nemelex Xobeh
Okawaru
Ru
Trog
Uskayaw
Xom
Yredelemnul
The Shining One

Shops:
D:4 (?   D:8 ?[%


Message History

You are too injured to fight recklessly!
Unknown command.
You are too injured to fight recklessly!
Unknown command.
You barely miss the two-headed ogre.
The two-headed ogre is moderately wounded.
The two-headed ogre hits you with a +0 giant spiked club!
* * * LOW HITPOINT WARNING * * *
The two-headed ogre hits you but does no damage.
Unknown command.
You are feeling very hungry.
You slash the two-headed ogre! You burn the two-headed ogre.
The two-headed ogre is heavily wounded.
Unknown command.
You slice the two-headed ogre!!
The two-headed ogre goes berserk!
The two-headed ogre is almost dead.
You block the two-headed ogre's attack. The two-headed ogre closely misses you.
The two-headed ogre hits you but does no damage.
The two-headed ogre hits you with a cursed -3 giant club!!
You die...

#.......####
#..........##
#†<##.....
...###()..#
......†)(..#####
.##....##).....##
##... ##......##
#...# #.......##
##.. #.@......#
##. #.)O)......
#..............
#..............
#..##..........
$.. ####..#....
## ..####. ...


You could see a two-headed ogre (berserk).

Vanquished Creatures
  A two-headed ogre (D:8)
  Pikel (D:8)
  2 hippogriffs (D:7)
  3 basilisks (D:8)
  5 porcupines
  An orc warrior (D:8)
  3 ice beasts
  2 black bears (D:8)
  3 sky beasts
  A slave (D:8)
  3 ogres
  2 crocodiles (D:8)
  A wolf (D:7)
  A big kobold (D:9)
  A bullfrog (D:7)
  A wyvern zombie (D:7)
  5 scorpions
  6 killer bees (D:8)
  A howler monkey (D:8)
  A crimson imp (D:7)
  2 bullfrog skeletons
  5 hounds
  A jelly (D:8)
  A centaur skeleton (D:8)
  Terence (D:2)
  5 orc wizards
  5 worker ants
  2 hound skeletons
  A howler monkey zombie (D:7)
  Robin (D:3)
  3 gnolls (D:5)
  11 adders
  7 river rats
  A shadow imp (D:5)
  2 oozes
  An adder skeleton (D:4)
  4 worms
  2 dart slugs
  7 leopard geckos
  20 orcs
  7 ball pythons
  4 giant cockroaches
  13 goblins
  11 hobgoblins
  20 jackals
  30 kobolds
  A quokka (D:7)
  12 bats
  8 frilled lizards
  A giant cockroach zombie (D:5)
  3 quokka skeletons
  30 rats
266 creatures vanquished.

Vanquished Creatures (others)
  2 slaves (D:8)
  An orc priest (D:8)
  An adder (D:8)
  A bush (D:8)
  3 fungi (D:8)
  14 plants (D:8)
22 creatures vanquished.

Grand Total: 288 creatures vanquished

Notes
Turn   | Place    | Note
-------+----------+-------------------------------------------
     0 | D:1      | inmateoo the Hill Orc Fighter began the quest for the Orb.
     0 | D:1      | Reached XP level 1. HP: 19/19 MP: 1/1
    31 | D:1      | Reached skill level 3 in Axes
    34 | D:1      | Reached XP level 2. HP: 26/27 MP: 2/2
   324 | D:1      | Reached XP level 3. HP: 33/33 MP: 3/3
   766 | D:2      | Noticed Terence
   782 | D:2      | Killed Terence
   782 | D:2      | Reached skill level 4 in Axes
   782 | D:2      | Reached XP level 4. HP: 39/40 MP: 4/4
   796 | D:2      | Found an iron altar of Okawaru.
   839 | D:2      | Became a worshipper of Warmaster Okawaru
   991 | D:2      | Found a sacrificial altar of Ru.
  1249 | D:3      | Reached XP level 5. HP: 46/47 MP: 5/5
  1274 | D:3      | Reached skill level 5 in Axes
  1295 | D:3      | Found a glowing golden altar of the Shining One.
  1296 | D:3      | Noticed Robin
  1313 | D:3      | Killed Robin
  2258 | D:3      | Reached XP level 6. HP: 55/55 MP: 6/6
  2469 | D:4      | Found a glowing drain.
  2476 | Sewer    | Entered a sewer
  2552 | Sewer    | Reached skill level 5 in Fighting
  2565 | Sewer    | Reached * piety under Okawaru
  3022 | D:4      | Reached skill level 6 in Axes
  3071 | D:4      | Reached XP level 7. HP: 12/61 MP: 7/7
  3365 | D:4      | Found a basalt altar of Yredelemnul.
  3530 | D:4      | Found Atsukh's Antique Weapon Boutique.
  3591 | D:4      | Found a white marble altar of Elyvilon.
  3744 | D:4      | Found Zacsont's Magic Scroll Boutique.
  3747 | D:4      | Bought a scroll of identify for 20 gold pieces
  3747 | D:4      | Bought a scroll of identify for 20 gold pieces
  3747 | D:4      | Bought a scroll of teleportation for 30 gold pieces
  3747 | D:4      | Bought a scroll of blinking for 75 gold pieces
  3747 | D:4      | Bought a scroll of teleportation for 30 gold pieces
  3840 | D:4      | Found a shattered altar of Ashenzari.
  3898 | D:4      | Reached skill level 5 in Armour
  4010 | D:5      | Entered Level 5 of the Dungeon
  4011 | D:5      | Upgraded the game from 0.23-a0-448-g1c01f63 to
                  | 0.23-a0-449-g8e4cbf7
  4014 | D:5      | Reached skill level 7 in Axes
  4014 | D:5      | Reached skill level 5 in Shields
  4124 | D:5      | Reached ** piety under Okawaru
  4194 | D:5      | Reached XP level 8. HP: 46/70 MP: 8/8
  4219 | D:5      | Reached skill level 8 in Axes
  4900 | D:6      | Found a bloodstained altar of Trog.
  5146 | D:6      | Found a staircase to the Ecumenical Temple.
  5230 | D:6      | Reached skill level 9 in Axes
  5249 | D:6      | Found a hide-covered altar of Uskayaw.
  5413 | D:7      | Found a sparkling altar of Nemelex Xobeh.
  5505 | D:7      | Noticed a hippogriff
  5518 | D:7      | Killed a hippogriff
  5518 | D:7      | Reached *** piety under Okawaru
  5518 | D:7      | Reached XP level 9. HP: 49/79 MP: 9/9
  5783 | D:7      | Reached skill level 10 in Axes
  6007 | D:7      | Found an ancient bone altar of Kikubaaqudgha.
  6009 | D:7      | Found a blossoming altar of Fedhas.
  6168 | D:8      | Found Askoydgh's Armour Emporium.
  6181 | D:8      | Found Qurumyurch's Magic Scroll Emporium.
  6188 | D:8      | Noticed a two-headed ogre
  6208 | D:8      | Killed a two-headed ogre
  6208 | D:8      | Reached **** piety under Okawaru
  6208 | D:8      | Reached skill level 11 in Axes
  6308 | D:8      | Found Kunuafuc's Weapon Shoppe.
  6315 | D:8      | Found a shimmering altar of Xom.
  6369 | D:8      | Reached XP level 10. HP: 67/89 MP: 10/10
  6369 | D:8      | Noticed Pikel
  6490 | D:7      | Reached ***** piety under Okawaru
  6732 | D:8      | Killed Pikel
  6735 | D:8      | Reached skill level 12 in Axes
  6793 | D:8      | Identified the +9 falchion of Doituwa {drain, +Inv Str+3
                  | Int+3}
  6830 | D:8      | Found a staircase to the Lair.
  6928 | D:8      | Found Duwi's Food Shop.
  7336 | D:9      | Noticed a two-headed ogre
  7349 | D:9      | Mangled by a two-headed ogre

Vault maps used:
D:1:      ebering_trefoil_twist
D:2:      lemuel_crystal_altar, marbit_many_paths, uniq_terence
D:3:      tso_metal_star, first_ration, dk_noncrumbling_4, uniq_robin
D:4:      lemuel_coloured_pillars_altar, kennysheep_ying_yang,
          lightli_sewer_entry_pipes, serial_shops, kennysheep_mini_moat,
          nicolae_shop_stone
D:5:      minmay_fractal_squares_gapless_5
D:6:      nicolae_overflow_crystal_walls, old_standard_altar,
          minmay_temple_entry_hall, minmay_misc_feat_diagonals
D:7:      grunt_temple_overflow_growth_and_decay,
          nemelex_xobeh_ov_fountains_minmay
D:8:      overflow_temple_1_default, minmay_lair_entry_grove, serial_shops,
          kennysheep_mini, shop, shop, shop, uniq_pikel
D:9:      enter_bailey_2
Sewer:    sewer_minmay_treatment

Skill      XL: |  1  2  3  4  5  6  7  8  9 10 |
---------------+-------------------------------+-----
Axes           | 3 4 5 6 7 9 11 12 | 12.6
Fighting       | 4 5 6 7 8 9 |  9.2
Armour         | 4 5 6 7 8 |  8.3
Shields        | 4 5 6 7 8 |  8.3

Action                   |  1- 3 |  4- 6 |  7- 9 | 10-12 || total
-------------------------+-------+-------+-------+-------++-------
Melee: War axe           |    68 |   355 |   301 |   132 ||   856
Invok: Heroism           |       |       |     1 |       ||     1
Evoke: Wand              |       |       |     2 |       ||     2
  Use: Scroll            |     5 |     7 |     7 |     2 ||    21
       Potion            |       |       |     1 |       ||     1
 Stab: Paralysed         |       |       |       |     2 ||     2
  Eat: Chunk             |       |     7 |     9 |     2 ||    18
       Ration            |       |       |     1 |       ||     1
Armor: Scale mail        |    33 |   243 |   136 |    47 ||   459
       Skin              |       |       |    47 |       ||    47
Dodge: Dodged            |    25 |   134 |    98 |    52 ||   309
Block: Shield            |    37 |   243 |   176 |    69 ||   525

Table legend:
 A = Non-vault XP
 B = Vault XP
 C = Vault XP percentage of total XP
 D = Non-vault monster count
 E = Vault monster count
 F = Vault count percentage of total count
                 A         B        C        D         E       F
            +---------+---------+-------+---------+---------+-------
      Total |    4845 |    2803 |  36.7 |     181 |      84 |  31.7
            +---------+---------+-------+---------+---------+-------
        D:1 |      38 |       0 |   0.0 |      23 |       0 |   0.0
        D:2 |      63 |      38 |  37.6 |      20 |       2 |   9.1
        D:3 |     150 |      35 |  18.9 |      32 |      11 |  25.6
        D:4 |     335 |      73 |  17.9 |      25 |       7 |  21.9
        D:5 |     569 |      95 |  14.3 |      17 |       2 |  10.5
        D:6 |     508 |       0 |   0.0 |       8 |       0 |   0.0
        D:7 |     900 |     380 |  29.7 |      17 |       3 |  15.0
        D:8 |    1822 |    2048 |  52.9 |      22 |      11 |  33.3
        D:9 |     460 |       0 |   0.0 |      17 |       0 |   0.0
      Sewer |       0 |     134 | 100.0 |       0 |      48 | 100.0
            +---------+---------+-------+---------+---------+-------
